 Dungeon Crawl Stone Soup version 0.30-a0-726-gd89dcf765f (webtiles) character file.

Game seed: 7536200720402312111

6780 Anon1729 the Covert (level 11, -6/60 HPs)
             Began as a Kobold Brigand on Jan 29, 2023.
             Was an Elder of Hepliaklqana.
             Killed by divine providence
             ... invoked by a smoke demon
              (14 damage)
             ... on level 10 of the Dungeon.
             The game lasted 00:17:28 (12767 turns).

Anon1729 the Covert (Kobold Brigand)               Turns: 12767, Time: 00:17:29

Health: -6/60      AC:  6    Str: 10    XL:     11   Next: 25%
Magic:  8/14       EV: 20    Int: 12    God:    Hepliaklqana [****..]
Gold:   517        SH:  0    Dex: 20    Spells: 10/10 levels left

rFire   . . .      SeeInvis .    a - +2 dagger
rCold   . . .      Faith    .    y - orb {*channel}
rNeg    . . .      Spirit   .    b - +0 robe
rPois   +          Reflect  .    (no helmet)
rElec   .          Harm     .    H - +0 cloak
rCorr   +          Rampage  .    p - +1 pair of gloves {infuse}
Will    +....                    D - +0 pair of boots
Stlth   +++++++                  t - amulet "Baaheg" {Drain Will+ Regen+ rCorr}
HPRegen 1.10/turn                h - ring of poison resistance
MPRegen 0.14/turn                r - ring of wizardry

@: about to teleport
A: reduced essence, small, no large weapons, nightstalker 3
a: Renounce Religion, Recall Ancestor, Ancestor Identity, Transference, Idealise


You were on level 10 of the Dungeon.
You worshipped Hepliaklqana.
Hepliaklqana was greatly pleased with you.
You visited 2 branches of the dungeon, and saw 11 of its levels.
You also visited: Sewer and Ossuary.

You collected 517 gold pieces.

Inventory:

Hand Weapons
 a - a +2 dagger (weapon)
 v - the +8 spear "Transmigrator" {holy, Int+2}
   (You found it on level 3 of the Dungeon)

   Int:       It affects your intelligence (+2).
Missiles
 d - 42 poisoned darts (quivered)
 e - 3 curare-tipped darts
 q - 12 atropa-tipped darts
 E - 2 throwing nets
Armour
 b - a +0 robe (worn)
 p - a +1 pair of gloves of infusion (worn)
 y - an orb of energy (worn)
 D - a +0 pair of boots (worn)
 H - a +0 cloak (worn)
Jewellery
 h - a ring of poison resistance (left hand)
 r - a ring of wizardry (right hand)
 t - the amulet "Baaheg" (around neck) {Drain Will+ Regen+ rCorr}
   (You found it on level 3 of the Dungeon)

   [amulet of regeneration]

   Regen:     It increases your rate of health regeneration.
   rCorr:     It protects you from acid and corrosion.
   Drain:     It drains your maximum health when unequipped.
   Will:      It increases your willpower.
Wands
 c - a wand of flame (27)
 s - a wand of light (7)
 Q - a wand of iceblast (5)
Scrolls
 g - a scroll of amnesia
 i - 2 scrolls of immolation
 j - 4 scrolls of poison
 m - 3 scrolls of teleportation
 u - 5 scrolls of noise
 B - 4 scrolls of fog
 G - a scroll of brand weapon
 I - a scroll of silence
 K - a scroll of blinking
 M - 2 scrolls of magic mapping
 N - a scroll of fear {unknown}
 O - 3 scrolls of enchant weapon {unknown}
Potions
 f - 4 potions of attraction {unknown}
 k - 2 potions of degeneration {unknown}
 l - a potion of heal wounds {unknown}
 n - 4 potions of curing
 o - a potion of resistance {unknown}
 w - 4 potions of invisibility {unknown}
 x - a potion of lignification {unknown}
 z - 5 potions of might
 A - 8 potions of flight
 C - 2 potions of berserk rage {unknown}
 F - a potion of ambrosia
 J - 4 potions of brilliance {unknown}
 L - a potion of cancellation {unknown}
 P - a potion of mutation {unknown}


   Skills:
 + Level 7.3 Fighting
 + Level 8.9 Short Blades
 + Level 7.4 Throwing
 + Level 7.7 Dodging
 * Level 13.9 Stealth
 + Level 5.2 Invocations


You had 10 spell levels left.
You didn't know any spells.
Your spell library contained the following spells:

 Spells                   Type           Power      Damage    Failure   Level
 Beastly Appendage        Tmut           0%         N/A       13%         1
 Magic Dart               Conj           0%         1d3       13%         1
 Call Imp                 Summ           0%         N/A       21%         2
 Wereblood                Tmut           0%         N/A       21%         2
 Mephitic Cloud           Conj/Pois/Air  0%         N/A       36%         3
 Spider Form              Tmut/Pois      0%         N/A       36%         3
 Animate Dead             Necr           0%         N/A       75%         4
 Fireball                 Conj/Fire      0%         3d3       97%         5
 Iskenderun's Battlesphe  Conj           0%         2d6       97%         5
 Conjure Ball Lightning   Conj/Air       0%         3x3d6     100%        6
 Haunt                    Necr/Summ      0%         N/A       100%        7
 Orb of Destruction       Conj           0%         9d5       100%        7
 Infestation              Necr           0%         N/A       100%        8
 Chain Lightning          Conj/Air       0%         N/A       100%        9
 Fire Storm               Conj/Fire      0%         5d1       100%        9
 Shatter                  Erth           0%         3d5*      100%        9


Dungeon Overview and Level Annotations

Branches:
Dungeon (10/15)            Temple (1/1) D:4            Lair (0/5) D:10
  Sewer (visited)         Ossuary (visited)
    Orc: D:9-12

Altars:
Ashenzari
Cheibriados
Dithmenos
Elyvilon
Fedhas
Gozag
Hepliaklqana
Kikubaaqudgha
Makhleb
Nemelex Xobeh
Okawaru
Qazlal
Sif Muna
Trog
Uskayaw
Vehumet
Xom
Yredelemnul
Zin
The Shining One

Shops:
D:2 :*   D:3 :   D:7 [

Annotations:
D:7 2 transporters, DEFE's ghost, novice DsWn


Innate Abilities, Weirdness & Mutations

Your life essence is reduced to manifest your ancestor. (-10% HP)
You are small and have problems with some larger weapons.
You are completely attuned to the shadows.


Message History

The quasit claws the demonic plant. x2
The smoke demon gestures at you. Something smites you!
You hit the hellwing but do no damage.
The hellwing is lightly wounded.
Audrea barely misses the hellwing.
You hit the hellwing but do no damage.
The hellwing is lightly wounded.
The quasit bites the demonic plant.
The quasit completely misses the demonic plant.
The quasit claws the demonic plant.
Audrea closely misses the hellwing.
The hellwing hits you! The hellwing barely misses you.
The smoke demon hits the demonic plant. x3
You hit the hellwing but do no damage.
The hellwing is lightly wounded.
Audrea hits the hellwing but does no damage.
The quasit completely misses the demonic plant.
The quasit claws the demonic plant. x2
You hit the hellwing but do no damage.
The hellwing is lightly wounded.
Audrea hits the hellwing but does no damage.
The smoke demon gestures at you. Something smites you! The hellwing hits you!
* * * LOW HITPOINT WARNING * * *
The hellwing closely misses you.
The quasit bites the demonic plant.
The quasit claws the demonic plant. x2
Audrea hits the hellwing with a +0 dagger of draining.
Audrea misses the hellwing.
The smoke demon gestures at you. Something smites you!
* * * LOW HITPOINT WARNING * * *
The hellwing hits Audrea.
The hellwing hits Audrea!
The quasit bites the demonic plant.
The quasit claws the demonic plant. x2
As you read the scroll of teleportation, it crumbles to dust.
You feel strangely unstable.
A nearby demonic plant withers and dies.
Audrea barely misses the hellwing.
The smoke demon gestures at you. Something smites you!
You die...

...)......###
........##
.......#
.......#
.......####
..........#
......###
##....##
#@....#
#R.♣.P#
#45♣.P#
...3.P..#
....♣..P..
.... ...


You could see the friendly Audrea the hexer, a hellwing (ally target), a smoke
demon and a quasit.

Vanquished Creatures
  A gargoyle (D:10)
  Grinder (D:5)
  Sigmund (D:3)
  2 vampires
  A ynoxinul (D:10)
  2 wyverns (D:8)
  A wraith (D:10)
  Menkaure (D:4)
  2 water moccasins
  2 ice beasts
  3 orc warriors
  A black bear (D:10)
  5 centaurs
  3 kobold brigands
  2 phantoms
  2 bullfrogs (D:7)
  4 scorpions
  8 wights
  4 howler monkeys
  3 centaur zombies (Ossuary)
  4 orc priests
  Crazy Yiuf (D:5)
  3 gnoll boudas
  2 hounds
  A jelly (D:3)
  2 iguanas
  Terence (D:2)
  5 orc wizards
  3 hound zombies (Ossuary)
  3 mummies (Ossuary)
  11 gnolls
  3 river rats
  8 adders
  3 shadow imps
  4 white imps
  2 ufetubi
  4 adder zombies (Ossuary)
  2 worms
  3 dart slugs
  21 orcs
  6 endoplasms
  6 giant cockroaches
  10 goblins
  6 hobgoblins
  6 jackals
  5 quokkas
  4 ball pythons
  6 bats
  6 frilled lizards
  A gnoll zombie (Ossuary)
  2 goblin zombies
  6 hobgoblin zombies
  4 jackal zombies (Ossuary)
  19 kobolds
  3 kobold zombies (Ossuary)
  4 orc zombies (Ossuary)
  3 quokka zombies (Ossuary)
  6 rats
  2 rat zombies (Ossuary)
240 creatures vanquished.

Vanquished Creatures (collateral kills)
  A komodo dragon (D:10)
  2 wyverns
  2 orc warriors
  A sky beast (D:6)
  A kobold brigand (D:9)
  A necrophage (D:5)
  3 bullfrogs
  A scorpion (D:10)
  4 orc priests
  An iguana (D:6)
  4 orc wizards
  A hound zombie (Ossuary)
  2 gnolls (D:6)
  An adder (D:6)
  4 orcs
  A goblin zombie (Ossuary)
  A quokka zombie (Ossuary)
31 creatures vanquished.

Vanquished Creatures (others)
  A hexer (D:9)
  3 demonic plants (D:10)
  10 fungi (D:10)
  5 plants (D:10)
19 creatures vanquished.

Grand Total: 290 creatures vanquished

Notes
Turn   | Place    | Note
-------+----------+-------------------------------------------
     0 | D:1      | Anon1729 the Kobold Brigand began the quest for the Orb.
     0 | D:1      | Reached XP level 1. HP: 12/12 MP: 1/1
   166 | D:1      | Reached XP level 2. HP: 18/18 MP: 2/2
   324 | D:1      | Reached XP level 3. HP: 17/22 MP: 3/3
  1056 | D:2      | Found a faded altar of an unknown god.
  1092 | D:2      | Found a blossoming altar of Fedhas.
  1225 | D:2      | Found Xyetam's Assorted Antiques.
  1365 | D:2      | Noticed Terence
  1369 | D:2      | Killed Terence
  1370 | D:2      | Reached skill level 6 in Stealth
  1370 | D:2      | Reached XP level 4. HP: 27/27 MP: 4/4
  1588 | D:2      | Found Bozoafay's Vocational Training.
  1925 | D:3      | Reached XP level 5. HP: 32/32 MP: 5/5
  2232 | D:3      | Found Kisaeger's Book Shop.
  2458 | D:3      | Reached skill level 7 in Stealth
  2458 | D:3      | Reached XP level 6. HP: 37/37 MP: 4/6
  2694 | D:3      | Noticed Sigmund
  2709 | D:3      | Killed Sigmund
  2710 | D:3      | Reached XP level 7. HP: 13/41 MP: 7/7
  2835 | D:3      | Found an opulent altar of Gozag.
  2892 | D:3      | Identified the amulet "Baaheg" {Drain Will+ Regen+ rCorr}
  2978 | D:3      | Identified the +8 spear "Transmigrator" {holy, Int+2}
  3484 | D:4      | Found a shimmering blue altar of Sif Muna.
  3517 | D:4      | Found a staircase to the Ecumenical Temple.
  3519 | D:4      | Noticed Menkaure
  3527 | D:4      | Killed Menkaure
  3528 | D:4      | Reached skill level 8 in Stealth
  3537 | Temple   | Entered the Ecumenical Temple
  3639 | Temple   | Became a worshipper of Hepliaklqana the Forgotten
  3800 | D:4      | Found a glowing drain.
  3809 | Sewer    | Entered a sewer
  3975 | Sewer    | Reached skill level 5 in Short Blades
  3993 | Sewer    | Reached XP level 8. HP: 36/48 MP: 0/8
  4111 | Sewer    | Found a white marble altar of Elyvilon.
  4536 | D:4      | Reached skill level 9 in Stealth
  5242 | D:5      | Entered Level 5 of the Dungeon
  5255 | D:5      | Noticed Grinder
  5279 | D:5      | Killed Grinder
  5567 | D:5      | Reached skill level 5 in Throwing
  5567 | D:5      | Reached skill level 10 in Stealth
  5634 | D:5      | Reached skill level 5 in Fighting
  5634 | D:5      | Reached skill level 5 in Dodging
  5634 | D:5      | Reached XP level 9. HP: 52/54 MP: 0/9
  5858 | D:5      | Reached * piety under Hepliaklqana
  6328 | D:5      | Found a runed translucent door.
  6331 | D:5      | Noticed Crazy Yiuf
  6336 | D:5      | Killed Crazy Yiuf
  6337 | D:5      | Reached skill level 1 in Invocations
  6592 | D:6      | Found a bloodstained altar of Trog.
  6720 | D:6      | Reached skill level 11 in Stealth
  7309 | D:6      | Reached ** piety under Hepliaklqana
  7310 | D:6      | Remembered your ancestor Audrea as a hexer
  8098 | D:7      | Found a sand-covered staircase.
  8106 | Ossuary  | Entered an ossuary
  8890 | D:7      | Reached XP level 10. HP: 54/54 MP: 7/12
  8924 | D:7      | Found a basalt altar of Yredelemnul.
  8924 | D:7      | Found a hide-covered altar of Uskayaw.
  9266 | D:7      | Reached skill level 12 in Stealth
  9338 | D:7      | Noticed DEFE's ghost (novice DsWn)
  9344 | D:7      | Found a transporter.
  9345 | D:7      | Found a transporter.
 10057 | D:7      | Found Meiwn's Armour Shop.
 10317 | D:8      | Reached *** piety under Hepliaklqana
 11210 | D:9      | Reached skill level 13 in Stealth
 11919 | D:9      | Found a burning altar of Makhleb.
 11921 | D:9      | Noticed an Executioner
 11922 | D:9      | Noticed a smoke demon
 11986 | D:9      | Found a stormy altar of Qazlal.
 12065 | D:9      | Reached XP level 11. HP: 60/60 MP: 12/14
 12316 | D:10     | Entered Level 10 of the Dungeon
 12353 | D:10     | Found a staircase to the Lair.
 12425 | D:10     | Reached skill level 5 in Invocations
 12613 | D:10     | Reached **** piety under Hepliaklqana
 12767 | D:10     | Killed from afar by a smoke demon

Illustrated notes

Levels and vault maps discovered:
D:1:      dpeg_arrival_connections, layout_basic, minmay_split_cup_large
D:2:      layout_rooms, serial_shops, nicolae_shop_trees, basic_altar,
          ebering_ecumenical_altar_box, dreamdust_princess_bridge, minivault_4,
          nicolae_shop_vocational, uniq_terence
D:3:      wad_crossroads, layout_basic, grunt_gozag_breadcrumbs, serial_shops,
          shop, uniq_sigmund
D:4:      layout_basic, mainiacjoe_overflow_concentric_impassable,
          minmay_temple_entry_stoned_glass, gup_sewer_entry_bubbles,
          uniq_menkaure
D:5:      layout_loops_ring, uniq_grinder, uniq_crazy_yiuf_cottage
D:6:      cheibrodos_helix_gallery, layout_basic, lemuel_coloured_pillars_altar
D:7:      layout_loops_ring, jmf_multi_god_temple, gammafunk_ghost_hive,
          serial_shops, kennysheep_little_box, enter_ossuary_3,
          minmay_quadrilaterals
D:8:      layout_cave_pools, amcnicky_mini_rare_corridor_liquid,
          nicolae_straight_to_the_point
D:9:      wander_river, layout_loops_ring, kennysheep_mini,
          makhleb_altar_promises_db
D:10:     minmay_sliced_demisemicircle, layout_layer_cave,
          nicolae_ru_path_of_blood, general_overflow_altar,
          grunt_lair_entry_orc_guard_hut, serial_demonic, serial_demonic_g,
          serial_demonic_b, serial_demonic_e, serial_demonic_b, serial_demonic_c
Temple:   cyrus_circular_temple

Skill      XL: |  1  2  3  4  5  6  7  8  9 10 11 |
---------------+----------------------------------+-----
Short Blades   | 3 4 5 6 7 8 |  8.9
Dodging        | 2 3 4 5 6 7 |  7.7
Stealth        | 6 7 8 10 11 13 | 13.9
Throwing       | 3 4 5 6 7 |  7.4
Fighting       | 3 4 5 6 7 |  7.3
Invocations    | 2 4 5 |  5.2

Action                     |  1- 3 |  4- 6 |  7- 9 | 10-12 || total
---------------------------+-------+-------+-------+-------++-------
  Melee: Dagger            |    69 |    67 |   458 |   316 ||   910
         Punch             |       |       |     3 |       ||     3
  Throw: Dart              |     5 |     6 |       |       ||    11
 Invoke: Ancestor Life: He |       |       |     1 |       ||     1
         Recall Ancestor   |       |       |       |     1 ||     1
  Evoke: Wand              |       |       |    12 |     1 ||    13
    Use: Potion            |       |     1 |       |       ||     1
         Scroll            |       |       |     8 |     3 ||    11
   Stab: Sleeping          |    20 |    13 |    40 |    14 ||    87
         Distracted        |       |     1 |     3 |     3 ||     7
         Confused          |       |       |     5 |     9 ||    14
         Invisible         |       |       |     1 |       ||     1
 Armour: Robe              |     8 |    13 |    51 |    32 ||   104
  Dodge: Dodged            |    49 |    34 |   278 |   191 ||   552

Table legend: (Time is in decaauts)
 A = Elapsed time spent in this place.
 B = Non-inter-level travel time spent in this place.
 C = Inter-level travel time spent in this place.
 D = Time resting spent in this place.
 E = Time spent auto-exploring this place.
 F = Levels seen in this place.
 G = Mean time per level.
                   A        B        C        D        E       F      G
               +--------+--------+--------+--------+--------+-----+--------+
         Total |  12603 |  12240 |    363 |    374 |  10020 |  13 |  969.5 |
       Dungeon |  11245 |  10885 |    360 |    321 |   9023 |  10 | 1124.5 |
        Temple |    109 |    106 |      3 |      0 |     52 |   1 |  109.0 |
         Sewer |    552 |    552 |      0 |     53 |    374 |   1 |  552.0 |
       Ossuary |    695 |    695 |      0 |      0 |    571 |   1 |  695.0 |
               +--------+--------+--------+--------+--------+-----+--------+

Top non-repeatable levels by time:
     D:3: 1588 daAuts
     D:6: 1537 daAuts
     D:7: 1381 daAuts
     D:9: 1287 daAuts
     D:4: 1238 daAuts
     D:5: 1126 daAuts
     D:1: 1044 daAuts
     D:8: 875 daAuts
     D:2: 738 daAuts
 Ossuary: 695 daAuts
   Sewer: 552 daAuts
    D:10: 427 daAuts
  Temple: 109 daAuts
